 Dungeon Crawl Stone Soup version 0.25-a0-697-g890751e (webtiles) character file.

Game seed: 4846563010275363838, levelgen mode: deterministic

2433 BlueFish the Grappler (level 9, 0/127 HPs)
             Began as a Troll Monk on Apr 1, 2020.
             Was a Priest of Wu Jian.
             Succumbed to a killer bee's poison
             ... on level 7 of the Dungeon.
             The game lasted 00:15:00 (5103 turns).

BlueFish the Grappler (Troll Monk)                  Turns: 5103, Time: 00:15:00

Health: 0/127      AC:  8    Str: 24    XL:     9   Next: 24%
Magic:  2/8        EV: 11    Int:  6    God:    Wu Jian [***...]
Gold:   334        SH:  0    Dex: 12    Spells: 4/8 levels left

rFire    + . .     SeeInvis +     - Unarmed
rCold    + + .     Gourm    +   (no shield)
rNeg     . . .     Faith    .   a - +1 robe
rPois    +         Spirit   +   q - +1 hat
rElec    +         Reflect  .   g - scarf {Spirit}
rCorr    +         Harm     .   (gloves unavailable)
MR       .....                  (boots unavailable)
Stlth    ..........             p - amulet of rage
HPRegen  0.71/turn              j - ring of protection from cold
MPRegen  0.11/turn              h - ring of see invisible

@: mighty, berserking, lethally poisoned (0 -> -12), resistant, very quick
A: large, unfitting armour, claws 3, fast metabolism 3, gourmand, regeneration
1, shaggy fur 1, tough skin 3
a: Wall Jump, Serpent's Lash, Renounce Religion, Evoke Berserk Rage


You were on level 7 of the Dungeon.
You worshipped Wu Jian.
Wu Jian was most pleased with you.
You were very full.

You visited 1 branch of the dungeon, and saw 7 of its levels.

You collected 334 gold pieces.

Inventory:

Armour
 a - a +1 robe (worn)
 g - a scarf of spirit shield (worn)
 q - a +1 hat (worn)
Jewellery
 d - an uncursed ring of positive energy
 h - a ring of see invisible (right claw)
 j - a ring of protection from cold (left claw)
 p - an amulet of rage (around neck)
Wands
 s - a wand of polymorph (13)
 u - a wand of digging (6)
Scrolls
 i - 2 scrolls of enchant armour
 m - 2 scrolls of remove curse
 r - a scroll of teleportation
Potions
 f - 2 potions of magic
 k - 2 potions of brilliance
 o - 2 potions of stabbing
 v - 2 potions of haste
Comestibles
 b - 11 rations
 w - 4 chunks of flesh


   Skills:
 * Level 4.5 Fighting
 + Level 3.8 Dodging
 + Level 2.2 Stealth
 * Level 10.2 Unarmed Combat
 * Level 2.3 Charms


You had 4 spell levels left.
You knew the following spells:

 Your Spells              Type           Power        Failure   Level  Hunger
a - Shroud of Golubria    Chrm/Tloc      #.....       43%         2    ###....
b - Swiftness             Chrm/Air       #.......     43%         2    ###....

Your spell library contained the following spells:

 Spells                   Type           Power        Failure   Level  Hunger
 Magic Dart               Conj           #...         45%         1    ##.....
 Blink                    Tloc           N/A          58%         2    ###....
 Call Imp                 Summ           #.......     58%         2    ###....
 Slow                     Hex            #.......     58%         2    ###....
 Conjure Flame            Conj/Fire      #.......     83%         3    ####...
 Mephitic Cloud           Conj/Pois/Air  #.......     83%         3    ####...
 Irradiate                Conj/Tmut      #.........   100%        5    ######.
 Spellforged Servitor     Conj/Summ      #.........   100%        7    #######


Dungeon Overview and Level Annotations

Branches:
Dungeon (7/15)             Temple (0/1) D:5

Altars:
Ashenzari
Cheibriados
Elyvilon
Gozag
Nemelex Xobeh
Trog
Wu Jian
Xom
The Shining One

Shops:
D:7 (


Innate Abilities, Weirdness & Mutations

You are too large for most types of armour.
You have claws for hands.
Your metabolism is lightning-fast.
You like to eat raw meat.
Your natural rate of healing is unusually fast.
You are covered in fur. (AC +1)
You have extremely tough skin. (AC +3)


Message History

The killer bee stings you but does no damage.
The killer bee stings you.
You claw the killer bee!
The killer bee is almost dead.
* * * LOW HITPOINT WARNING * * *
You feel sick.
The killer bee stings you but does no damage.
You miss the killer bee.
The killer bee is almost dead.
* * * LOW HITPOINT WARNING * * *
You feel sick. The killer bee misses you.
You mangle the killer bee!!
You kill the killer bee!
The Council accepts your kill.
* * * LOW HITPOINT WARNING * * *
You feel sick.
You claw the orc!
You kill the orc!
The Council accepts your kill.
You die...

.#.##. .... #...
#..# # #..###.##y
###
######.........
#..
.......5..yy###
#.# #######†#####
#.# #@# ### #.#
#.# ..# #.# #.#
#.####.## #.#
........########.#
#.####.......>...#
#......###########
########


You could see a shadow imp.

Vanquished Creatures
  Sigmund (D:4)
  Eustachio (D:6)
  Edmund (D:5)
  An ice beast (D:5)
  A sky beast (D:7)
  A black bear (D:7)
  A phantom (D:5)
  An ogre (D:4)
  2 centaurs (D:6)
  3 bullfrogs
  Blork the orc (D:4)
  A water moccasin zombie (D:6)
  9 killer bees (D:7)
  2 howler monkeys (D:7)
  A hound (D:7)
  2 bullfrog skeletons
  A centaur skeleton (D:4)
  A jelly (D:7)
  2 orc wizards
  Ijyb (D:4)
  2 iguanas
  2 worker ants (D:5)
  A hound zombie (D:5)
  A hound skeleton (D:6)
  3 worker ant zombies
  3 gnolls (D:2)
  8 adders
  A shadow imp (D:6)
  An ooze (D:6)
  An adder skeleton (D:4)
  4 worms
  3 dart slugs
  7 leopard geckos
  16 orcs
  5 bats
  5 giant cockroaches
  6 goblins
  6 hobgoblins
  2 jackals (D:1)
  5 quokkas
  A ball python (D:4)
  6 frilled lizards
  7 kobolds
  7 rats
137 creatures vanquished.

Vanquished Creatures (others)
  5 dream sheep (D:5)
5 creatures vanquished.

Grand Total: 142 creatures vanquished

Notes
Turn   | Place    | Note
-------+----------+-------------------------------------------
     0 | D:1      | BlueFish the Troll Monk began the quest for the Orb.
     0 | D:1      | Reached XP level 1. HP: 22/22 MP: 0/0
   156 | D:1      | Reached XP level 2. HP: 29/29 MP: 1/1
   881 | D:2      | Reached XP level 3. HP: 36/36 MP: 2/2
   913 | D:2      | Reached skill level 4 in Unarmed Combat
   970 | D:2      | Reached XP level 4. HP: 41/45 MP: 3/3
  1838 | D:3      | Reached skill level 5 in Unarmed Combat
  1838 | D:3      | Reached XP level 5. HP: 50/53 MP: 4/4
  2160 | D:3      | Reached XP level 6. HP: 61/61 MP: 5/5
  2400 | D:3      | You fall into a shaft and drop 3 floors!
  2427 | D:6      | Reached skill level 6 in Unarmed Combat
  2431 | D:6      | Identified the Catalogue of Aid and Conjuration
  2436 | D:6      | Learned a level 2 spell: Shroud of Golubria
  2439 | D:6      | Learned a level 2 spell: Swiftness
  2509 | D:6      | Found a glowing golden altar of the Shining One,
  2510 | D:6      | Found a sparkling altar of Nemelex Xobeh,
  2744 | D:6      | Found a shattered altar of Ashenzari,
  2770 | D:5      | Entered Level 5 of the Dungeon
  2774 | D:5      | Noticed Edmund
  2786 | D:5      | Killed Edmund
  2786 | D:5      | Reached XP level 7. HP: 53/67 MP: 4/6
  3351 | D:4      | Noticed Blork the orc
  3411 | D:4      | Killed Blork the orc
  3411 | D:4      | Reached skill level 7 in Unarmed Combat
  3461 | D:4      | Noticed Ijyb
  3479 | D:4      | Killed Ijyb
  3535 | D:4      | Found an ornate altar of the Wu Jian Council,
  3538 | D:4      | Became a worshipper of the Wu Jian Council
  3538 | D:4      | Reached * piety under Wu Jian
  3538 | D:4      | Reached ** piety under Wu Jian
  3608 | D:4      | Noticed Sigmund
  3619 | D:4      | Killed Sigmund
  3619 | D:4      | Reached skill level 1 in Charms
  3812 | D:4      | Found a snail-covered altar of Cheibriados,
  3981 | D:5      | Reached XP level 8. HP: 78/78 MP: 7/7
  3994 | D:5      | Reached skill level 8 in Unarmed Combat
  4203 | D:5      | Noticed a dream sheep
  4203 | D:5      | Noticed a dream sheep
  4203 | D:5      | Noticed a dream sheep
  4203 | D:5      | Noticed a dream sheep
  4203 | D:5      | Noticed a dream sheep
  4203 | D:5      | Found a shimmering altar of Xom,
  4207 | D:5      | Killed a dream sheep
  4207 | D:5      | Killed a dream sheep
  4208 | D:5      | Killed a dream sheep
  4208 | D:5      | Killed a dream sheep
  4208 | D:5      | Killed a dream sheep
  4366 | D:5      | Found a staircase to the Ecumenical Temple,
  4469 | D:6      | Found a bloodstained altar of Trog,
  4478 | D:6      | Found a white marble altar of Elyvilon,
  4491 | D:6      | Found an opulent altar of Gozag,
  4537 | D:6      | Reached skill level 9 in Unarmed Combat
  4747 | D:6      | Noticed Eustachio
  4759 | D:6      | Killed Eustachio
  4952 | D:7      | Found Huucoix's Weapon Shop,
  4968 | D:7      | Reached XP level 9. HP: 66/85 MP: 6/8
  5071 | D:7      | Reached skill level 10 in Unarmed Combat
  5086 | D:7      | Reached *** piety under Wu Jian
  5091 | D:7      | HP: 3/85 [poisoned by a killer bee]
  5098 | D:7      | HP: 4/85 [killer bee (2)]
  5102 | D:7      | HP: 1/127 [poisoned by a killer bee]
  5103 | D:7      | Succumbed to a killer bee's poison

Levels and vault maps discovered:
D:1:      eino_arrival_tree_alley, layout_loops_ring, minmay_octomino_e4
D:2:      cheibrodos_old_hovel, layout_basic, minmay_crystal_room, st_stairs_11
D:3:      layout_loops_cross, serial_rivers, chequers_serial_rivers_small_a,
          chequers_serial_rivers_large_b, chequers_serial_rivers_micro_a,
          chequers_serial_rivers_micro_d, chequers_serial_rivers_room_a,
          chequers_serial_rivers_micro_a
D:4:      layout_loops_corners, kennysheep_slug_shrine, kennysheep_mini,
          first_ration, minmay_liquid_box, serial_park_tiny_2, uniq_ijyb,
          uniq_blork_the_orc, uniq_sigmund
D:5:      layout_cave_pools, temple_hall, kb_xom_exploding_sheep, uniq_edmund
D:6:      layout_gridville, nicolae_overflow_quartered_altars,
          gammafunk_temple_overflow_pools, uniq_eustachio
D:7:      layout_loops_ring, overflow_temple_1_default, serial_shops, shop

Skill      XL: |  1  2  3  4  5  6  7  8  9 |
---------------+----------------------------+-----
Unarmed Combat | 4 5 6 7 9 10 | 10.2
Fighting       | 3 4 |  4.5
Dodging        | 3 |  3.8
Charms         | 1 2 |  2.3
Stealth        | 2 |  2.2

Action                   |  1- 3 |  4- 6 |  7- 9 || total
-------------------------+-------+-------+-------++-------
Melee: Unarmed           |    86 |   142 |   186 ||   414
       Punch             |     2 |     1 |     5 ||     8
Invok: Lunge             |       |       |    14 ||    14
       Whirlwind         |       |       |    25 ||    25
  Use: Scroll            |     2 |     7 |     5 ||    14
       Potion            |       |       |     6 ||     6
 Stab: Sleeping          |     2 |     4 |     4 ||    10
       Distracted        |       |       |     1 ||     1
  Eat: Chunk             |    14 |    15 |    23 ||    52
Armor: Robe              |    34 |    44 |    42 ||   120
       Skin              |       |       |    10 ||    10
Dodge: Dodged            |    35 |    57 |    81 ||   173

Table legend:
 A = Non-vault XP
 B = Vault XP
 C = Vault XP percentage of total XP
 D = Non-vault monster count
 E = Vault monster count
 F = Vault count percentage of total count
                 A         B        C        D         E       F
            +---------+---------+-------+---------+---------+-------
      Total |    2728 |     749 |  21.5 |     124 |      13 |   9.5
            +---------+---------+-------+---------+---------+-------
        D:1 |      22 |       3 |  12.0 |      13 |       3 |  18.8
        D:2 |     134 |      12 |   8.2 |      25 |       4 |  13.8
        D:3 |     216 |       0 |   0.0 |      29 |       0 |   0.0
        D:4 |     180 |     364 |  66.9 |      10 |       4 |  28.6
        D:5 |     481 |     162 |  25.2 |      14 |       1 |   6.7
        D:6 |     626 |     208 |  24.9 |      13 |       1 |   7.1
        D:7 |    1069 |       0 |   0.0 |      20 |       0 |   0.0
            +---------+---------+-------+---------+---------+-------
